 Dungeon Crawl Stone Soup version 0.32-a0-913-g739538afd8 (webtiles) character file.

Game seed: 6455320601271603711

354 Anno the Sneak (level 6, 0/35 HPs)
             Began as a Felid Delver on Apr 10, 2024.
             Slain by a cerulean imp
             ... wielding a +2 spear
             ... summoned by Natasha
              (3 damage)
             ... on level 2 of the Dungeon.
             The game lasted 00:08:09 (935 turns).

Anno the Sneak (Felid Delver)                        Turns: 935, Time: 00:08:10

Health: 0/35       AC:  2    Str:  8    XL:     6   Next: 35%
Magic:  7/7        EV: 17    Int: 13    God:
Gold:   79         SH:  0    Dex: 20    Spells: 5/5 levels left
                                        Lives:  0   Deaths: 2

rFire   . .          .
                       - Unarmed
rCold   . . .        (shield unavailable)
rNeg    . . .        (body armour unavailable)
rPois   .            (helmet unavailable)
rElec   .            (cloak unavailable)
rCorr   .            (gloves unavailable)
SInv    +            (boots unavailable)
Will    .....        (no amulet)
Stlth   ++++         (no ring)
HPRegen 0.25/turn    (no ring)
MPRegen 0.10/turn

%: no passive effects
@: slowed, very slow
A: very small, claws 1, fangs 3, see invisible, shaggy fur 2, stealthy paws, no
weapons or thrown items, no armour, multi-lived
a: no special abilities


You were on level 2 of the Dungeon.
You visited 1 branch of the dungeon, and saw 4 of its levels.
You also visited: Sewer.

You collected 79 gold pieces.

Inventory:

Wands
 e - a wand of digging (3)
Scrolls
 a - a scroll of fog
 b - a scroll of blinking
 c - a scroll of brand weapon {unknown}
 d - 2 scrolls of identify
Potions
 f - a potion of enlightenment


   Skills:
 * Level 5.5 Fighting
 - Level 2.6 Dodging
 - Level 6.6 Stealth
 * Level 5.0 Unarmed Combat


You had 5 spell levels left.
You didn't know any spells.
Your spell library was empty.

Dungeon Overview and Level Annotations

Branches:
Dungeon (5/15)              Sewer (visited)
 Temple: D:4-7

Altars:

Annotations:
D:2 Natasha
D:3 Grinder


Innate Abilities, Weirdness & Mutations

You have sharp claws.
You have razor-sharp teeth.
You have supernaturally acute eyesight. (SInv)
You are covered in thick fur. (AC +2)
Your paws help you pounce on unaware monsters.
You are incapable of wielding weapons or throwing items.
You cannot wear armour.
You gain extra lives every three experience levels.


Message History

You swing at nothing.
The ball python hisses angrily.
Natasha stares at you and mumbles some strange words.
The magic dart hits you.
You barely miss the rat. The rat closely misses you. Natasha misses you.
The rat barely misses you.
You scratch the rat but do no damage. Natasha claws you! The rat misses you.
You claw the rat!
You kill the rat!
Natasha casts a spell.
Natasha stares at you and mumbles some strange words.
The magic dart hits you!
You scratch Natasha.
Natasha is lightly wounded.
Natasha closely misses you. The cerulean imp closely misses you.
You scratch Natasha but do no damage.
Natasha is lightly wounded.
Natasha closely misses you.
The cerulean imp hits you with a +2 spear.
* * * LOW HITPOINT WARNING * * *
Natasha casts a spell at you. The magic dart hits you!
* * * LOW HITPOINT WARNING * * *
Okay, then.
Okay, then.
Blink to where?
Press: ? - help, Dir - move target, p - Natasha
As you read the scroll labelled SUARIPTASO, it crumbles to dust.
It was a scroll of blinking.
The cerulean imp barely misses you.
As you read the scroll of revelation, it crumbles to dust.
You feel aware of your surroundings.
You sensed 1 shop/portal.
The cerulean imp misses you.
Press: ? - help, v - describe, . - travel
Here: Natasha (lightly wounded)
The floor.
Found a scroll of identify.
The cerulean imp attacks as it pursues you!
The cerulean imp hits you from afar with a +2 spear.
You die...

**** ,,,* ################ ,*,*
*################
,,,******.........####### ****
**,,,,,,,.........####### *,,,
*******,.........####### *,,,
*,.........####### *,,,
*,.........####### *,,,
********,.......@.############,,,
,,,,,,,,,.........5.S.........,,,
**,,,,,*,..........h....###***,,,
*,,,,,*,.........#####.####****,
**,,,,,*,?........#####.†h.#,,,,,
,,,,,,,,,..........#######S#,****
**,,,,,**..........######*...****
*,,,,,,,.....####.###...,.....,*
*,,,,,***,..#****,,**,,,,......#


You could see Natasha, a cerulean imp (summoned) and a ball python.

Vanquished Creatures
  Sigmund (D:3)
  Blork the orc (D:4)
  A hell rat (Sewer)
  3 adders (D:3)
  3 river rats (Sewer)
  A ribbon worm (D:3)
  A dart slug (D:3)
  5 orcs (D:3)
  A ball python (D:3)
  2 endoplasms
  3 giant cockroaches (D:3)
  2 goblins (D:3)
  4 hobgoblins
  4 jackals
  2 kobolds (D:3)
  2 quokkas
  A bat (D:3)
  A frilled lizard (D:2)
  7 rats
45 creatures vanquished.

Notes
Turn   | Place    | Note
-------+----------+-------------------------------------------
     0 | D:5      | Anno the Felid Delver began the quest for the Orb.
     0 | D:5      | Reached XP level 1. HP: 12/12 MP: 2/2
   125 | D:4      | Reached XP level 2. HP: 16/16 MP: 3/3
   141 | D:4      | Noticed Blork the orc
   145 | D:4      | Killed Blork the orc
   146 | D:4      | Reached XP level 3. HP: 21/21 MP: 4/4
   146 | D:4      | Reached XP level 4. HP: 25/25 MP: 5/5
   146 | D:4      | Gained a life (2 lives remaining)
   267 | D:3      | Found a glowing drain.
   280 | D:3      | HP: 1/25 [adder (3)]
   282 | D:3      | Slain by an adder
   282 | D:3      | Lost a life (1 life remaining)
   321 | D:3      | Noticed Sigmund
   360 | D:3      | HP: 1/25 [orc/+0 hand axe (6)]
   364 | D:3      | Killed Sigmund
   365 | D:3      | Reached skill level 5 in Fighting
   365 | D:3      | Reached XP level 5. HP: 2/30 MP: 6/6
   365 | D:3      | Killed from afar by a dart slug
   365 | D:3      | Lost a life (0 lives remaining)
   423 | D:3      | Noticed Grinder
   490 | D:3      | Gained mutation: You are covered in thick fur. (AC +2)
                  | [Felid growth]
   490 | D:3      | Reached XP level 6. HP: 26/35 MP: 7/7
   506 | Sewer    | Entered a sewer
   812 | D:3      | Reached skill level 5 in Unarmed Combat
   917 | D:2      | Noticed Natasha
   930 | D:2      | HP: 1/35 [Natasha/magic dart (9)]
   935 | D:2      | Slain by a cerulean imp

Illustrated notes

Levels and vault maps discovered:
D:2:      layout_basic, serial_shops, shop, uniq_natasha, uniq_robin
D:3:      layout_rooms, gup_sewer_entry_bubbles, kennysheep_nondescript,
          bh_walls_and_bars, uniq_grinder, uniq_crazy_yiuf_cottage, uniq_sigmund
D:4:      layout_loops_ring, mainiacjoe_overflow_brackets,
          guppyfry_early_orc_mine, uniq_blork_the_orc, uniq_duvessa
D:5:      layout_loops_ring, uniq_eustachio, uniq_prince_ribbit1, uniq_ijyb

Skill      XL: |  1  2  3  4  5  6 |
---------------+-------------------+-----
Fighting       | 4 5 |  5.5
Unarmed Combat | 3 4 5 |  5.0
Dodging        | |  2.6
Stealth        | |  6.6

Action                     |  1- 3 |  4- 6 || total
---------------------------+-------+-------++-------
  Melee: Unarmed           |    20 |   146 ||   166
         Bite              |     3 |     8 ||    11
         Punch             |       |     8 ||     8
    Use: Scroll            |       |     5 ||     5
         Potion            |       |     2 ||     2
   Stab: Sleeping          |     2 |     3 ||     5
 Armour: Skin              |     6 |    57 ||    63
  Dodge: Dodged            |    11 |   120 ||   131

Table legend: (Time is in decaauts)
 A = Elapsed time spent in this place.
 B = Non-inter-level travel time spent in this place.
 C = Inter-level travel time spent in this place.
 D = Time resting spent in this place.
 E = Time spent auto-exploring this place.
 F = Levels seen in this place.
 G = Mean time per level.
                   A        B        C        D        E       F      G
               +--------+--------+--------+--------+--------+-----+--------+
         Total |   1000 |    967 |     33 |     65 |    118 |   5 |  200.0 |
       Dungeon |    864 |    831 |     33 |     40 |    118 |   4 |  216.0 |
         Sewer |    136 |    136 |      0 |     25 |      0 |   1 |  136.0 |
               +--------+--------+--------+--------+--------+-----+--------+

Top non-repeatable levels by time:
     D:3: 688 daAuts
   Sewer: 136 daAuts
     D:4: 121 daAuts
     D:5: 29 daAuts
     D:2: 25 daAuts
